 Dungeon Crawl Stone Soup version 0.31-a0-640-g39d97e502b (webtiles) character file.

Game seed: 14316229492007578952

187 qw the Shooter (level 5, -1/32 HPs)
             Began as a Gargoyle Hunter on Aug 27, 2023.
             Slain by Natasha (4 damage)
             ... on level 3 of the Dungeon.
             The game lasted 00:01:07 (2053 turns).

qw the Shooter (Gargoyle Hunter)                    Turns: 2053, Time: 00:01:08

Health: -1/32      AC:  8    Str: 15    XL:     5   Next: 66%
Magic:  5/5        EV: 11    Int:  5    God:
Gold:   160        SH:  0    Dex: 13    Spells: 4/4 levels left

rFire   . . .        Y - +0 shortbow
rCold   . . .        (shield currently unavailable)
rNeg    + . .        c - +0 leather armour
rPois   inf          n - +0 helmet
rElec   +            (no cloak)
rCorr   .            (no gloves)
SInv    .            (no boots)
Will    .....        g - amulet of the acrobat
Stlth   +            (no ring)
HPRegen 0.25/turn    (no ring)
MPRegen 0.09/turn

%: acrobat
@: about to teleport
A: sickness immunity, AC +4, negative energy resistance 1, electricity
resistance, torment resistance 1, petrification resistance, clumsy 1, dopey 2
a: no special abilities


You were on level 3 of the Dungeon.
You visited 1 branch of the dungeon, and saw 3 of its levels.

You collected 160 gold pieces.


Innate Abilities, Weirdness & Mutations

You are immune to sickness and miasma.
Your stone body is resilient. (AC +4)
You are immune to poison.
You resist negative energy. (rN+)
You are resistant to electric shocks. (rElec)
You are resistant to unholy torment.
You are immune to petrification.
You are clumsy. (Dex -2)
You are very dopey. (Int -4)


   Skills:
 + Level 3.1 Fighting
 - Level 6.1 Ranged Weapons
 - Level 1.8 Armour
 - Level 1.5 Dodging
 - Level 1.1 Stealth


You had 4 spell levels left.
You didn't know any spells.
Your spell library was empty.

Inventory:

Hand Weapons
 Y - a +0 shortbow (weapon)
Armour
 c - a +0 leather armour (worn)
 e - a +0 ring mail
 n - a +0 helmet (worn)
Jewellery
 g - an amulet of the acrobat (around neck)
Wands
 h - a wand of digging (3)
Scrolls
 a - a scroll of amnesia {unknown}
 f - 2 scrolls of teleportation
 m - 2 scrolls of identify
Potions
 b - a potion of mutation
 d - a potion of curing {unknown}
 i - a potion of magic {unknown}
 j - 2 potions of lignification {unknown}
 k - a potion of haste {unknown}

Dungeon Overview and Level Annotations

Branches:
Dungeon (3/15)

Altars:

Annotations:
D:3 Natasha


Message History

2037 ||| STILL FLEEEEING.
2038 ||| STILL FLEEEEING.
2039 ||| STILL FLEEEEING.
2040 ||| STILL FLEEEEING.
2041 ||| FLEEEEING.
2042 ||| STILL FLEEEEING.
2043 ||| STILL FLEEEEING.
2044 ||| FLEEEEING.
You shoot an arrow. The arrow hits Natasha.
Natasha is moderately wounded.
Natasha mumbles some strange words.
You shoot an arrow. The arrow closely misses Natasha.
The arrow hits the cerulean imp.
The cerulean imp is moderately wounded.
You shoot an arrow. The arrow closely misses Natasha.
The arrow closely misses the cerulean imp.
Natasha stares at you and mumbles some strange words.
The magic dart hits you.
You shoot an arrow. The arrow hits Natasha.
Natasha is heavily wounded.
You shoot an arrow. The arrow misses Natasha.
Natasha howls an incantation.
Natasha shimmers violently.
Natasha claws you!
You shoot an arrow. The arrow misses Natasha.
The cerulean imp closely misses you. Natasha claws you.
The cerulean imp hits you from afar with a +0 spear.
You shoot an arrow.
The arrow hits Natasha but does no damage.
Natasha is heavily wounded.
Natasha claws you!
The cerulean imp hits you from afar with a +0 spear.
2052 ||| READING 3 scrolls of teleportation.
As you read the scroll of teleportation, it crumbles to dust.
You feel strangely unstable. Natasha barely misses you.
The cerulean imp barely misses you.
You shoot an arrow. The arrow barely misses Natasha.
Natasha claws you.
You die...
Natasha begins licking her fur clean.

#.......# #......# #......
####.#### #[.....# #......
...#)# #......# ##.#... ...#.#
#......# #.#... .#.#.#####
#......# #.....
.+.#.#...################
#.##.. ##...#...##..........#
#.#### ##...#...##..........#
#.#
##.......##.....@....#######.#
#####....##......h5...##..ยค..#
# ##....#......:....##.###)# #
#....#...........#....#.# #
###....'..........##.##.#.# #
#.....##..................# #
#.....##............###h######
# #.....##.......>..### #.# #..
# #....###............#
#.####h#


You could see Natasha and a cerulean imp (summoned).

Vanquished Creatures
  Natasha (twice) (D:3)
  6 adders
  A worm (D:2)
  2 dart slugs
  An orc (D:3)
  7 bats
  5 endoplasms
  4 giant cockroaches
  10 goblins
  3 hobgoblins
  9 jackals
  3 kobolds
  3 quokkas
  5 ball pythons
  4 frilled lizards
  7 rats
72 creatures vanquished.

Notes
Turn   | Place    | Note
-------+----------+-------------------------------------------
     0 | D:1      | qw the Gargoyle Hunter began the quest for the Orb.
     0 | D:1      | Reached XP level 1. HP: 12/12 MP: 1/1
     0 | D:1      | 0 ||| qw: Version: 0.3-a-74-g0d5e918
     0 | D:1      | 0 ||| qw: Game counter: 74
     0 | D:1      | 0 ||| qw: Melee chars always use a shield: true
     0 | D:1      | 0 ||| qw: God list: Okawaru
     0 | D:1      | 0 ||| qw: Allow faded altars: false
     0 | D:1      | 0 ||| qw: Do Orc after clearing Dungeon:15 true
     0 | D:1      | 0 ||| qw: Do second Lair branch before Depths: true
     0 | D:1      | 0 ||| qw: Lair rune preference: random
     0 | D:1      | 0 ||| qw: Goals: Normal
     0 | D:1      | 0 ||| PLANNING D:1-11
    90 | D:1      | Reached XP level 2. HP: 15/17 MP: 2/2
   218 | D:1      | 218 ||| Stepping ~*~*~tactically~*~*~ (retreating).
   295 | D:1      | Reached XP level 3. HP: 21/21 MP: 3/3
   353 | D:1      | Reached skill level 5 in Ranged Weapons
   386 | D:1      | Found a faded altar of an unknown god.
   521 | D:1      | 521 ||| UPGRADING to amulet of the acrobat.
   526 | D:1      | 526 ||| DROPPING +6 ring of intelligence.
   527 | D:1      | 527 ||| READING scroll labelled QET KOOVEA.
   528 | D:1      | 528 ||| READING 4 scrolls labelled MAFUEWKICA.
   532 | D:1      | 532 ||| DRINKING 2 fizzy coppery potions.
   533 | D:1      | 533 ||| DRINKING 2 sapphire potions.
   534 | D:1      | 534 ||| DROPPING scroll of butterflies.
   535 | D:1      | 535 ||| DROPPING potion of attraction.
   626 | D:2      | Reached skill level 3 in Fighting
   742 | D:2      | Reached XP level 4. HP: 28/28 MP: 4/4
  1354 | D:2      | 1354 ||| UPGRADING to +0 helmet.
  1359 | D:2      | 1359 ||| READING scroll labelled IWINTO ATAAM.
  1378 | D:2      | 1378 ||| READING scroll labelled KEIGHO ITISAN.
  1379 | D:2      | 1379 ||| READING scroll labelled JOTZOPSINYNU.
  1380 | D:2      | 1380 ||| READING scroll labelled SAGUAFIURGH.
  1381 | D:2      | 1381 ||| DRINKING 2 grey potions.
  1381 | D:2      | Gained mutation: You are dopey. (Int -2) [potion of
                  | mutation]
  1381 | D:2      | Gained mutation: You are clumsy. (Dex -2) [potion of
                  | mutation]
  1381 | D:2      | Gained mutation: You are very dopey. (Int -4) [potion of
                  | mutation]
  1423 | D:3      | 1423 ||| STAIRDANCE
  1434 | D:3      | HP: 5/28 [frozen (4)]
  1435 | D:3      | 1435 ||| READING 4 scrolls of teleportation.
  1436 | D:3      | 1436 ||| DRINKING potion of heal wounds.
  1679 | D:3      | Reached XP level 5. HP: 31/32 MP: 5/5
  1686 | D:3      | Noticed Natasha
  1697 | D:3      | Killed Natasha
  1698 | D:3      | Reached skill level 6 in Ranged Weapons
  1850 | D:3      | Noticed Natasha
  1853 | D:3      | 1853 ||| Stepping ~*~*~tactically~*~*~ (outnumbered).
  1859 | D:3      | 1859 ||| Stepping ~*~*~tactically~*~*~ (retreating).
  1860 | D:3      | 1860 ||| Stepping ~*~*~tactically~*~*~ (retreating).
  1861 | D:3      | 1861 ||| Stepping ~*~*~tactically~*~*~ (retreating).
  1863 | D:3      | 1863 ||| Stepping ~*~*~tactically~*~*~ (retreating).
  1864 | D:3      | 1864 ||| Stepping ~*~*~tactically~*~*~ (retreating).
  1865 | D:3      | 1865 ||| Stepping ~*~*~tactically~*~*~ (retreating).
  1866 | D:3      | Killed Natasha
  1867 | D:3      | Reached skill level 1 in Armour
  2032 | D:3      | Noticed Natasha
  2033 | D:3      | 2033 ||| FLEEEEING.
  2034 | D:3      | 2034 ||| FLEEEEING.
  2041 | D:3      | 2041 ||| FLEEEEING.
  2044 | D:3      | 2044 ||| FLEEEEING.
  2051 | D:3      | HP: 4/32 [Natasha (8)]
  2052 | D:3      | 2052 ||| READING 3 scrolls of teleportation.
  2053 | D:3      | Slain by Natasha

Levels and vault maps discovered:
D:1:      minmay_arrival_five_plusses, layout_basic,
          hellmonk_ecumenical_altar_lost_god, serial_park_tiny_2, st_stairs_10
D:2:      layout_basic
D:3:      layout_basic, zin_scriptorium, grunt_decor_fettered, uniq_natasha

Skill      XL: |  1  2  3  4  5 |
---------------+----------------+-----
Ranged Weapons | 5 6 |  6.1
Fighting       | 3 |  3.1
Armour         | 1 |  1.8
Dodging        | |  1.5
Stealth        | |  1.1

Action                     |  1- 3 |  4- 6 || total
---------------------------+-------+-------++-------
   Fire: Shortbow          |   101 |   173 ||   274
    Use: Scroll            |     2 |     6 ||     8
         Potion            |     2 |     2 ||     4
 Armour: Leather armour    |    20 |    81 ||   101
  Dodge: Dodged            |    39 |   127 ||   166

Table legend:
 A = Non-vault XP
 B = Vault XP
 C = Vault XP percentage of total XP
 D = Non-vault monster count
 E = Vault monster count
 F = Vault count percentage of total count
                 A         B        C        D         E       F
            +---------+---------+-------+---------+---------+-------
      Total |     229 |      39 |  14.6 |      69 |       3 |   4.2
            +---------+---------+-------+---------+---------+-------
        D:1 |      44 |       3 |   6.4 |      27 |       2 |   6.9
        D:2 |      70 |       0 |   0.0 |      23 |       0 |   0.0
        D:3 |     115 |      36 |  23.8 |      19 |       1 |   5.0
            +---------+---------+-------+---------+---------+-------
